 Dungeon Crawl Stone Soup version 0.28.0-45-g0d030f2227 (webtiles) character file.

Game seed: 12457367557281799435

163 MalarOregon the Grasshopper (level 5, -3/41 HPs)
             Began as a Palentonga Warper on Apr 20, 2022.
             Slain by a gnoll
             ... wielding a +0 flail
              (11 damage)
             ... on level 1 of the Dungeon.
             The game lasted 00:04:41 (1977 turns).

MalarOregon the Grasshopper (Palentonga Warper)     Turns: 1977, Time: 00:04:42

Health: -3/41      AC:  4    Str: 17    XL:     5   Next: 20%
Magic:  8/8        EV:  9    Int: 13    God:
Gold:   51         SH:  0    Dex:  9    Spells: 7/9 levels left

rFire   . . .      SeeInvis +   a - +1 whip (elec)
rCold   . . .      Faith    .   (no shield)
rNeg    . . .      Spirit   .   b - +0 leather armour
rPois   .          Reflect  .   (no helmet)
rElec   .          Harm     .   (no cloak)
rCorr   .          Rampage  .   (no gloves)
Will    .....                   (no barding)
Stlth   +.........              (no amulet)
HPRegen 0.13/turn               (no ring)
MPRegen 0.11/turn               (no ring)

@: no status effects
A: large, rugged brown scales 3, see invisible, deformed body, roll 1, armoured
tail
a: Rolling Charge


You were on level 1 of the Dungeon.
You visited 1 branch of the dungeon, and saw 2 of its levels.

You collected 51 gold pieces.


Innate Abilities, Weirdness & Mutations

You are completely covered in rugged brown scales. (AC +3, +7% HP)
You have supernaturally acute eyesight. (SInv)
Armour fits poorly on your strangely shaped body.
You can roll at nearby foes to attack.
You have a long armoured tail.


   Skills:
 + Level 2.7 Fighting
 + Level 2.7 Maces & Flails
 + Level 1.4 Throwing
 + Level 1.6 Armour
 + Level 2.1 Dodging
 + Level 2.6 Spellcasting
 + Level 3.5 Translocations


You had 7 spell levels left.
You knew the following spells:

 Your Spells              Type           Power      Damage    Failure   Level
b - Blink                 Tloc           20%        N/A       10%         2

Your spell library contained the following spells:

 Spells                   Type           Power      Damage    Failure   Level
 Gell's Gravitas          Tloc           10%        N/A       21%         3
 Lesser Beckoning         Tloc           10%        N/A       21%         3
 Teleport Other           Tloc           10%        N/A       21%         3
 Manifold Assault         Tloc           10%        N/A       88%         5

Inventory:

Hand Weapons
 a - a +1 whip of electrocution (weapon)
   (You took it off a gnoll on level 2 of the Dungeon)
 k - a +0 mace
 l - a +0 flail of holy wrath
   (You took it off a gnoll on level 2 of the Dungeon)
Missiles
 d - 5 boomerangs of dispersal (quivered) {!f}
 g - 48 stones
Armour
 b - a +0 leather armour (worn)
Wands
 i - a wand of mindburst (9)
   (You found it on level 2 of the Dungeon)
Scrolls
 c - a scroll of blinking
 h - a scroll of identify {unknown}
Potions
 e - a potion of cancellation {unknown}
 f - a potion of heal wounds {unknown}
 j - a potion of ambrosia {unknown}

Dungeon Overview and Level Annotations

Branches:
Dungeon (2/15)

Altars:

#.........# #.# #.........#
#.########## ### ###.........#
#........... ..# #.......#####
############ ..# #.......####
#....... ..####..........#
#.###### ..#.............# #.#
..#....^........#################
..#.........>..g@................
..#.........#####################
..#...............#
..#...............#
..#######.........# ###
#...÷.....# #.........#
#..>......# #.........#


You could see a gnoll.


Message History

The kobold hits you with a +0 whip.
You closely miss the kobold. You tail-slap the kobold.
You kill the kobold!
A kobold comes into view. It is wielding a +0 short sword.
Things that are here:
a +0 whip; a kobold corpse No target in view!
No target in view!
A kobold is nearby!
A kobold comes into view. It is wielding a +0 dagger.
The kobold shouts!
The kobold throws a stone.
The stone hits you but does no damage.
A kobold comes into view. It is wielding a +0 dagger.
The kobold hits you but does no damage.
You barely miss the kobold.
The kobold shouts!
Your tail-slap misses the kobold.
The kobold hits you but does no damage.
You whack the kobold!
You kill the kobold!
No target in view!
No target in view!
There are monsters nearby!
You hit the kobold. Lightning courses through the kobold!
You kill the kobold!
No target in view!
No target in view!
A kobold is nearby!
Items here: ( )) ††.
You hit the kobold.
You kill the kobold!
No target in view!
No target in view!
g - 43 stones (gained 4)
Items here: )) ††.
g - 48 stones (gained 5)
Things that are here:
a +0 dagger; a kobold corpse A gnoll comes into view.
It is wielding a +0 club.
A gnoll is nearby!
A gnoll is nearby!
A gnoll comes into view. It is wielding a +0 whip.
A gnoll comes into view. It is wielding a +0 flail.
Found an escape hatch in the floor.
The gnoll shouts!
You hear a shout!
The gnoll hits you but does no damage.
A gnoll comes into view. It is wielding a +0 spear.
You barely miss the gnoll. The gnoll closely misses you.
You closely miss the gnoll. The gnoll hits you with a +0 club.
You barely miss the gnoll. You tail-slap the gnoll!
The gnoll hits you with a +0 club.
You completely miss the gnoll. The gnoll hits you with a +0 club!
You hit the gnoll.
You kill the gnoll!
You hit the gnoll. The gnoll hits you but does no damage.
You hit the gnoll but do no damage.
The gnoll hits you from afar with a +0 spear.
The gnoll closely misses you.
You barely miss the gnoll.
Your tail-slap misses the gnoll.
The gnoll hits you with a +0 whip.
You hit the gnoll. You tail-slap the gnoll. You punch the gnoll.
The gnoll closely misses you.
You hit the gnoll. Lightning courses through the gnoll!
You kill the gnoll!
You barely miss the gnoll.
Your tail-slap misses the gnoll.
The gnoll hits you with a +0 flail.
Things that are here:
a +0 dagger; a kobold corpse
Items here: )) ††.
You barely miss the gnoll.
Your tail-slap misses the gnoll.
The gnoll barely misses you. x2
There is an open door here.
You hit the gnoll. The gnoll barely misses you.
You closely miss the gnoll.
You tail-slap the gnoll, but do no damage.
The gnoll barely misses you.
You hit the gnoll but do no damage. The gnoll hits you with a +0 flail!
* * * LOW HITPOINT WARNING * * *
The gnoll hits you with a +0 flail.
* * * LOW HITPOINT WARNING * * *
A ball python comes into view.
The ball python hisses angrily.
The ball python closely misses you.
The ball python bites you but does no damage.
The ball python closely misses you.
There is a stone staircase leading up here.
The gnoll hits you with a +0 flail!
* * * LOW HITPOINT WARNING * * *
You climb upwards.
There is a stone staircase leading down here.
Okay, then.
There is an open door here.
Casting: Blink (safe; 10% risk of failure)
Confirm with . or Enter, or press ? or * to list all spells.
You blink.
You feel stable enough to blink again.
There is a shaft here.
The gnoll closely misses you.
There is a stone staircase leading down here.
The gnoll hits you with a +0 flail!
You die...

Skill      XL: |  1  2  3  4 |
---------------+-------------+-----
Throwing       | 1 |  1.4
Armour         | 1 |  1.6
Dodging        | 2 |  2.1
Fighting       | |  2.7
Maces & Flails | |  2.7
Spellcasting   | |  2.6
Translocations | |  3.5

Action                   |  1- 3 |  4- 6 || total
-------------------------+-------+-------++-------
Melee: Mace              |   115 |     1 ||   116
       Tailslap          |    11 |     4 ||    15
       Whip              |       |    21 ||    21
       Punch             |       |     1 ||     1
 Cast: Blink             |       |     1 ||     1
 Abil: Rolling Charge    |     6 |       ||     6
Evoke: Wand              |     5 |     8 ||    13
Armor: Leather armour    |    56 |     6 ||    62
Dodge: Dodged            |    60 |    10 ||    70

Levels and vault maps discovered:
D:1:      wheals_arrival_shading, layout_basic,
          shapermc_ecumenical_altar_notcrosses
D:2:      minmay_kobold_bridge, layout_loops_corners

Notes
Turn   | Place    | Note
-------+----------+-------------------------------------------
     0 | D:1      | MalarOregon the Palentonga Warper began the quest for the
                  | Orb.
     0 | D:1      | Reached XP level 1. HP: 17/17 MP: 3/3
   476 | D:1      | Reached XP level 2. HP: 23/23 MP: 5/5
   484 | D:1      | Reached skill level 1 in Throwing
   561 | D:1      | Learned a level 2 spell: Blink
   704 | D:1      | Reached skill level 1 in Armour
  1132 | D:1      | Found a faded altar of an unknown god.
  1322 | D:1      | Reached XP level 3. HP: 27/28 MP: 6/6
  1688 | D:2      | Reached XP level 4. HP: 26/36 MP: 7/7
  1775 | D:2      | Reached skill level 2 in Dodging
  1780 | D:2      | Reached XP level 5. HP: 41/41 MP: 8/8
  1906 | D:2      | HP: 8/41 [gnoll/+0 flail (6)]
  1923 | D:2      | HP: 1/41 [gnoll/+0 flail (9)]
  1977 | D:1      | Slain by a gnoll

Vanquished Creatures
  A gnoll shaman (D:2)
  9 gnolls (D:2)
  A dart slug (D:1)
  3 endoplasms
  2 giant cockroaches (D:1)
  2 goblins
  6 hobgoblins
  10 kobolds
  3 quokkas (D:1)
  3 ball pythons (D:1)
  5 bats
  5 rats (D:1)
50 creatures vanquished.

Table legend:
 A = Non-vault XP
 B = Vault XP
 C = Vault XP percentage of total XP
 D = Non-vault monster count
 E = Vault monster count
 F = Vault count percentage of total count
                 A         B        C        D         E       F
            +---------+---------+-------+---------+---------+-------
      Total |     226 |       7 |   3.0 |      45 |       5 |  10.0
            +---------+---------+-------+---------+---------+-------
        D:1 |      41 |       0 |   0.0 |      26 |       0 |   0.0
        D:2 |     185 |       7 |   3.6 |      19 |       5 |  20.8
            +---------+---------+-------+---------+---------+-------

Illustrated notes

Table legend:
 A = Kills in this place as a percentage of kills in entire the game.
 B = Kills by you in this place as a percentage of kills by you in the entire game.
 C = Kills by friends in this place as a percentage of kills by friends in the entire game.
 D = Other kills in this place as a percentage of other kills in the entire game.
 E = Experience gained in this place as a percentage of experience gained in the entire game.
 F = Experience gained in this place divided by the number of levels of this place that you have seen.
                   A       B       C       D       E      F
               +-------+-------+-------+-------+-------+----------------------
         Total | 100.0 | 100.0 |   N/A |   N/A | 100.0 | 116.5
       Dungeon | 100.0 | 100.0 |   N/A |   N/A | 100.0 | 116.5
               +-------+-------+-------+-------+-------+----------------------

Table legend: (Time is in decaauts)
 A = Elapsed time spent in this place.
 B = Non-inter-level travel time spent in this place.
 C = Inter-level travel time spent in this place.
 D = Time resting spent in this place.
 E = Time spent auto-exploring this place.
 F = Levels seen in this place.
 G = Mean time per level.
                   A        B        C        D        E       F      G
               +--------+--------+--------+--------+--------+-----+--------+
         Total |   2012 |   2006 |      6 |      0 |   1565 |   2 | 1006.0 |
       Dungeon |   2012 |   2006 |      6 |      0 |   1565 |   2 | 1006.0 |
               +--------+--------+--------+--------+--------+-----+--------+

Top non-repeatable levels by time:
     D:1: 1428 daAuts
     D:2: 583 daAuts
